Map: [ESL] Pride of Altaris

Players

Reynor - Winner!

  • Race: Zerg Zerg

Dark

  • Race: Zerg Zerg

Event: IEM Katowice 2022

VOD

Have the link to the VOD?

Description

Time

  • Played on: Feb. 26, 2022, 11:18 a.m.
  • Length: 8:07

All games in this series

Show
View Real Time Build Order
Export as new Build Order

Reynor Zerg - Winner!

Build Orders: Hatch First, Zergling Baneling 

Get SALT Encoding   

  12  0:00  Drone  
  13  0:12  Overlord  
  13  0:16  Drone  
  14  0:30  Drone x2  
  16  0:48  Hatchery  
  15  0:52  Drone  
  15  0:55  Drone  
  17  0:59  Drone  
  18  1:09  Extractor  
  17  1:15  Spawning Pool  
  17  1:17  Drone  
  17  1:20  Drone  
  18  1:27  Drone  
  19  1:38  Drone  
  20  1:51  Overlord  
  20  2:01  Drone, Queen  
  21  2:02  Drone  
  24  2:09  Metabolic Boost  
  24  2:12  Zergling x2  
  24  2:14  Zergling x2  
  26  2:20  Queen  
  28  2:23  Drone  
  28  2:25  Drone  
  30  2:33  Baneling Nest  
  30  2:34  Drone  
  30  2:35  Drone  
  31  2:43  Overlord  
  31  2:45  Zergling x2  
  32  2:54  Zergling x2  
  32  2:57  Zergling x2  
  34  3:00  Hatchery  
  34  3:04  Zergling x2  
  34  3:06  Drone  
  34  3:11  Zergling x6  
  38  3:16  Overlord  
  39  3:20  Zergling x2  
  39  3:21  Baneling x2  
  39  3:25  Drone  
  40  3:34  Drone x3  
  42  3:35  Overlord  
  43  3:45  Zergling x6  
  43  3:50  Baneling x2  
  43  3:52  Drone x2  
  44  3:57  Zergling x4  
  44  4:00  Queen  
  44  4:01  Overlord  
  45  4:02  Zergling x4  
  44  4:10  Zergling x4  
  44  4:15  Baneling x3  
  44  4:16  Zergling x2  
  47  4:19  Baneling  
  47  4:20  Baneling  
  47  4:21  Drone  
  47  4:22  Queen  
  47  4:23  Drone x2  
  51  4:30  Drone x3  
  51  4:31  Overlord  
  53  4:32  Zergling x6  
  55  4:41  Baneling x2  
  55  4:42  Zergling x4  
  55  4:45  Zergling x4  
  54  4:46  Zergling x2  
  54  4:48  Queen  
  56  4:56  Zergling x4  
  56  4:57  Zergling x2  
  56  4:58  Roach Warren  
  56  4:59  Extractor  
  55  5:09  Drone x4  
  55  5:12  Zergling x2  
  60  5:15  Baneling x2  
  60  5:18  Baneling x2  
  60  5:19  Drone  
  60  5:20  Drone  
  60  5:21  Overlord  
  62  5:22  Zergling x6  
  62  5:25  Drone  
  66  5:30  Overlord  
  66  5:31  Drone x3  
  66  5:32  Drone  
  70  5:36  Overlord  
  70  5:42  Roach x2  
  74  5:45  Spine Crawler  
  74  5:48  Roach  
  73  5:51  Roach  
  73  5:53  Roach  
  73  5:55  Roach, Zergling x4  
  79  6:02  Roach, Zergling x2  
  76  6:10  Roach x2  
  76  6:13  Zergling x2  
  76  6:15  Queen x2, Roach, Zergling x4  
  78  6:19  Roach  
  78  6:24  Roach  
  78  6:27  Roach  
  78  6:28  Zergling x2  
  76  6:34  Roach  
  76  6:37  Roach, Zergling x2  
  78  6:43  Queen  
  78  6:45  Roach  
  78  6:46  Roach  
  84  6:49  Zergling x2  
  84  6:51  Extractor  
  84  6:53  Queen  
  86  6:55  Overlord  
  86  6:57  Roach  
  86  6:58  Roach  
  86  7:00  Baneling  
  90  7:04  Drone x3  
  90  7:06  Roach  
  94  7:11  Drone, Evolution Chamber  
  94  7:13  Roach  
  95  7:17  Roach  
  95  7:20  Overlord  
  97  7:24  Queen  
  97  7:25  Zergling x2  
  97  7:29  Overlord  
  99  7:32  Roach x3  
  99  7:35  Drone  
  105  7:37  Overlord  
  105  7:40  Drone x4  
Show
View Real Time Build Order
Export as new Build Order

Dark Zerg 

Build Orders: Hatch First, Zergling Baneling 

Get SALT Encoding   

  12  0:00  Drone  
  13  0:12  Overlord  
  13  0:16  Drone  
  14  0:31  Drone x2  
  16  0:51  Hatchery  
  16  0:54  Drone  
  16  0:56  Drone  
  17  1:00  Drone  
  18  1:10  Extractor  
  17  1:15  Spawning Pool  
  17  1:17  Drone  
  17  1:20  Drone  
  18  1:28  Drone  
  19  1:39  Drone  
  20  1:52  Drone  
  21  2:03  Queen x2  
  21  2:04  Zergling x2  
  21  2:06  Drone  
  27  2:12  Metabolic Boost  
  27  2:16  Overlord  
  27  2:28  Drone  
  28  2:36  Drone x2  
  30  2:37  Baneling Nest  
  30  2:41  Queen  
  31  2:45  Drone  
  31  2:46  Overlord  
  31  2:48  Zergling x2  
  31  2:49  Zergling x2  
  34  3:03  Hatchery  
  33  3:07  Drone  
  34  3:15  Zergling x4  
  34  3:16  Zergling x8  
  40  3:21  Zergling x4  
  40  3:25  Baneling x2  
  40  3:26  Baneling x2  
  42  3:28  Zergling x2  
  42  3:30  Baneling x2  
  43  3:37  Zergling x2  
  43  3:45  Zergling x4  
  42  3:53  Zergling x4  
  43  4:00  Zergling x2  
  43  4:02  Overlord x2  
  43  4:03  Roach Warren, Baneling  
  43  4:05  Overlord  
  43  4:08  Overlord  
  37  4:10  Zergling x2  
  37  4:11  Baneling x2  
  37  4:12  Zergling x2  
  37  4:14  Baneling  
  37  4:16  Extractor  
  38  4:19  Drone x2  
  38  4:23  Drone  
  40  4:28  Zergling x2  
  42  4:31  Zergling x6  
  42  4:37  Zergling x2  
  42  4:38  Zergling x4  
  43  4:47  Baneling x2, Roach  
  43  4:50  Zergling x4  
  43  4:52  Baneling  
  45  4:53  Zergling x2  
  45  4:59  Drone  
  45  5:00  Drone  
  45  5:02  Zergling x4  
  47  5:08  Roach x2  
  50  5:15  Roach x2  
  50  5:17  Roach  
  56  5:22  Roach  
  56  5:26  Overlord  
  56  5:27  Zergling x2  
  59  5:31  Roach  
  59  5:33  Zergling x2  
  59  5:34  Baneling  
  59  5:35  Baneling  
  61  5:48  Zergling x8  
  64  5:56  Drone x2  
  58  6:01  Baneling  
  52  6:08  Zergling x8  
  48  6:18  Zergling x2  
  48  6:22  Zergling x4  
  48  6:25  Zergling x4  
  48  6:35  Zergling x6  
  48  6:37  Zergling x2  
  45  6:43  Drone x2  
  47  6:47  Drone  
  47  6:51  Drone  
  49  6:54  Baneling x2  
  49  6:56  Drone  
  49  7:10  Baneling x2  
  49  7:11  Roach x3  
  49  7:13  Roach  
  57  7:16  Roach  
  57  7:18  Drone  
  57  7:20  Drone  
  61  7:24  Drone  
  61  7:27  Drone  
  59  7:38  Roach x3  
  64  7:44  Roach x2  
  64  7:45  Roach  
  64  7:48  Overlord  

Tags
 
Add a new tag
Caveats
  • Supply blocks, unpowered buildings, or Contaminate may cause inaccurate times.
  • Supply counts are checked every 10 seconds.